 Dungeon Crawl Stone Soup version 0.29-a0-925-g0a7a3d12f8 (webtiles) character file.

Game seed: 11969743348581008894

2270 tilp the Reanimator (level 9, -3/69 HPs)
             Began as a Mummy Necromancer on July 28, 2022.
             Hit by a boomerang thrown by something (11 damage)
             ... on level 8 of the Dungeon.
             The game lasted 00:11:49 (7665 turns).

tilp the Reanimator (Mummy Necromancer)             Turns: 7665, Time: 00:11:50

Health: -3/69      AC:  7    Str: 11    XL:     9   Next: 16%
Magic:  1/18       EV: 13    Int: 19    God:
Gold:   0          SH:  0    Dex: 12    Spells: 6/20 levels left

rFire   . . .      SeeInvis .   a - +0 short sword (elec)
rCold   + . .      Faith    .   (no shield)
rNeg    + + +      Spirit   .   f - +0 robe
rPois   ∞          Reflect  .   (no helmet)
rElec   .          Harm     .   (no cloak)
rCorr   .          Rampage  .   d - +2 pair of gloves
Will    +....                   o - +1 pair of boots
Stlth   ++........              l - amulet of magic regeneration
HPRegen 0.21/turn               w - ring of wizardry
MPRegen 0.56/turn               p - ring of protection from fire

@: about to teleport, on blink cooldown, animating dead
A: cold resistance 1, negative energy resistance 3, torment resistance 2, heat
vulnerability 1, in touch with death 1, no potions
a: no special abilities


You were on level 8 of the Dungeon.
You visited 2 branches of the dungeon, and saw 9 of its levels.

Inventory:

Hand Weapons
 a - a +0 short sword of electrocution (weapon)
 b - a +1 dagger of flaming
 m - a +0 whip of pain
Missiles
 h - 16 poisoned darts (quivered)
 k - 4 boomerangs
 r - 3 javelins
 u - 5 curare-tipped darts
Armour
 d - a +2 pair of gloves (worn)
 f - a +0 robe (worn)
 o - a +1 pair of boots (worn)
Jewellery
 l - an amulet of magic regeneration (around neck)
 p - a ring of protection from fire (right hand)
 w - a ring of wizardry (left hand)
Scrolls
 c - a scroll of butterflies
 e - 2 scrolls of vulnerability
 g - 3 scrolls of teleportation
 j - 3 scrolls of identify
 q - a scroll of fear
 v - a scroll of amnesia


   Skills:
 * Level 5.7 Fighting
 + Level 3.8 Dodging
 - Level 2.0 Stealth
 + Level 6.0 Spellcasting
 + Level 0.7 Hexes
 * Level 9.0 Necromancy
 - Level 2.0 Translocations


You had 6 spell levels left.
You knew the following spells:

 Your Spells              Type           Power      Damage    Failure   Level
a - Necrotise             Necr           100%       1d9       1%          1
b - Vampiric Draining     Necr           57%        2d10      1%          3
c - Animate Dead          Necr           57%        N/A       1%          4
d - Blink                 Tloc           26%        N/A       3%          2
e - Anguish               Hex/Necr       18%        N/A       6%          4

Your spell library contained the following spells:

 Spells                   Type           Power      Damage    Failure   Level
 Agony                    Necr           57%        N/A       3%          5
 Ensorcelled Hibernation  Hex/Ice        14%        N/A       6%          2
 Portal Projectile        Hex/Tloc       22%        N/A       8%          3
 Tukima's Dance           Hex            8%         N/A       10%         3
 Dazzling Flash           Conj/Hex       14%        N/A       12%         3
 Frozen Ramparts          Ice            10%        1d3       13%         3
 Ignite Poison            Fire/Tmut/Pois 5%         N/A       13%         3
 Mephitic Cloud           Conj/Pois/Air  5%         N/A       13%         3
 Iskenderun's Mystic Bla  Conj/Tloc      9%         2d4       28%         4
 Summon Ice Beast         Ice/Summ       5%         N/A       38%         4
 Manifold Assault         Tloc           13%        N/A       45%         5
 Freezing Cloud           Conj/Ice/Air   2%         6-21      73%         5
 Starburst                Conj/Fire      2%         6d3       99%         6
 Spider Form              Tmut/Pois      Unusable   N/A       N/A         3
 Ice Form                 Ice/Tmut       Unusable   N/A       N/A         4
 Blade Hands              Tmut           Unusable   N/A       N/A         5
 Storm Form               Tmut/Air       Unusable   N/A       N/A         7

Dungeon Overview and Level Annotations

Branches:
Dungeon (8/15)             Temple (1/1) D:7
   Lair: D:8-11

Altars:
Ashenzari
Hepliaklqana
Kikubaaqudgha
Nemelex Xobeh
Okawaru
Qazlal
Ru
Sif Muna
Uskayaw
Vehumet
Wu Jian
Xom
Yredelemnul

Annotations:
D:6 2ho roaming!, Maggie
D:7 exclusion: two-headed ogre
D:8 Maurice


Innate Abilities, Weirdness & Mutations

You are immune to poison.
Your flesh is cold resistant. (rC+)
You are immune to negative energy. (rN+++)
You are immune to unholy pain and torment.
You are vulnerable to heat. (rF-)
You are in touch with the powers of death.
You do not drink.


Message History

Something grunts, "Curses!"
Your kobold zombie misses something.
The jelly closely misses you.
Unknown command.
Unknown command.
Unknown command.
Unknown command.
Okay, then.
Casting: Vampiric Draining (safe; 1% risk of failure)
Confirm with . or Enter, or press ? or * to list all spells.
You blink.
A killer bee comes into view.
Found a black potion.
The killer bee buzzes angrily.
You hear an angry buzzing noise.
A boomerang appears from out of thin air!
The boomerang hits you.
* * * LOW HITPOINT WARNING * * *
The killer bee closely misses you.
As you read the scroll of teleportation, it crumbles to dust.
You feel strangely unstable. The killer bee barely misses you.
The killer bee stings you but does no damage.
A killer bee comes into view.
A boomerang appears from out of thin air!
The boomerang hits you.
* * * LOW HITPOINT WARNING * * *
Unknown command.
Unknown command.
The air fills with toxic fumes!
As you read the scroll of poison, it crumbles to dust.
The killer bee closely misses you.
Your kobold zombie barely misses something.
Your kobold zombie completely misses something.
The killer bee stings you!
* * * LOW HITPOINT WARNING * * *
The killer bee is engulfed in poison gas.
The killer bee is poisoned.
The killer bee is engulfed in poison gas.
The killer bee is poisoned.
A boomerang appears from out of thin air!
The boomerang hits you!
You die...

##§§§.§§§§§§§§§
#..§§§§§§§§§§ §§§§
#..§§§§§§y§§§§§§§§
#..§§§§§§§§§#§§§§§
##..§§§§§§.§§§§§§§§
...§§§§§§§y§§§§§§§ #
..§§§§§§y§§§§§§§§
.###.##.§§§§§§§@§§§§§§§
......!.§§§§§§J§§§§§§§§
.≈≈≈≈≈≈≈§§Z.§.§§§§§§§§§
≈≈≈≈≈≈..§§Z§§§§§§§#§§§§
≈≈_....8§§§§§§§§§§§ §§#
≈≈≈≈≈≈..§§Y§§§§§§§## #§
.≈≈≈≈≈≈≈§.§§§§§§§§#
....Y...§§§§§§§§##§
#####............#


You could see a yak, a jelly, 3 killer bees and 2 friendly kobold zombies.

Vanquished Creatures
  A kobold demonologist (D:7)
  4 water moccasins
  A sky beast (D:7)
  2 ice beasts
  2 black bears (D:6)
  A centaur (D:6)
  An ogre (D:6)
  A kobold brigand (D:8)
  A bullfrog (D:6)
  2 necrophages
  3 scorpions
  3 killer bees (D:7)
  A howler monkey (D:7)
  2 hounds
  A jelly (D:5)
  An iguana (D:4)
  2 orc wizards
  A gnoll (D:1)
  7 adders
  2 white imps
  A worm (D:3)
  3 dart slugs
  14 orcs
  4 ball pythons
  7 endoplasms
  3 giant cockroaches
  12 hobgoblins
  4 jackals
  9 kobolds
  4 quokkas
  4 bats
  A frilled lizard (D:2)
  5 goblins
  12 rats
  A spectral goblin (D:1)
123 creatures vanquished.

Vanquished Creatures (collateral kills)
  An ufetubus (D:5)
  An orc (D:3)
  A kobold (D:8)
  A quokka (D:1)
4 creatures vanquished.

Vanquished Creatures (others)
  2 kobolds (D:8)
  3 kobold zombies (D:8)
5 creatures vanquished.

Grand Total: 132 creatures vanquished

Notes
Turn   | Place    | Note
-------+----------+-------------------------------------------
     0 | D:1      | tilp the Mummy Necromancer began the quest for the Orb.
     0 | D:1      | Reached XP level 1. HP: 13/13 MP: 4/4
   172 | D:1      | Found a faded altar of an unknown god.
   241 | D:1      | Reached XP level 2. HP: 20/20 MP: 0/5
   317 | D:1      | Reached skill level 1 in Fighting
  1119 | D:1      | Gained mutation: You are in touch with the powers of death.
                  | [Mummy growth]
  1119 | D:1      | Reached XP level 3. HP: 26/26 MP: 2/7
  1199 | D:1      | Learned a level 3 spell: Vampiric Draining
  2283 | D:2      | Reached XP level 4. HP: 33/33 MP: 5/8
  2576 | D:2      | Learned a level 4 spell: Animate Dead
  3282 | D:3      | Reached skill level 5 in Necromancy
  3781 | D:4      | Reached XP level 5. HP: 32/38 MP: 2/9
  4116 | D:4      | Found a sparkling altar of Nemelex Xobeh.
  4170 | D:4      | Reached skill level 6 in Necromancy
  4657 | D:5      | Entered Level 5 of the Dungeon
  4668 | D:5      | Noticed a water moccasin
  4675 | D:5      | Killed a water moccasin
  4676 | D:5      | Reached XP level 6. HP: 46/46 MP: 1/11
  5944 | D:6      | Reached XP level 7. HP: 52/52 MP: 6/12
  6042 | D:6      | Reached skill level 7 in Necromancy
  6128 | D:6      | Found a shimmering altar of Xom.
  6128 | D:6      | Noticed an angel
  6214 | D:6      | Noticed a two-headed ogre
  6454 | D:6      | Noticed Maggie
  6476 | D:6      | Reached skill level 5 in Spellcasting
  6476 | D:6      | Reached XP level 8. HP: 60/60 MP: 9/15
  6535 | D:6      | Reached skill level 8 in Necromancy
  6538 | D:6      | Learned a level 2 spell: Blink
  6911 | D:7      | Identified the amulet "Cutzore" {Spirit rElec rC+ Dex-5}
  6989 | D:7      | Reached skill level 1 in Translocations
  7160 | D:7      | Reached skill level 5 in Fighting
  7195 | D:7      | Found a staircase to the Ecumenical Temple.
  7216 | Temple   | Entered the Ecumenical Temple
  7439 | D:7      | Found a radiant altar of Vehumet.
  7601 | D:7      | Noticed a two-headed ogre
  7610 | D:7      | Learned a level 4 spell: Anguish
  7614 | D:7      | Noticed a kobold demonologist
  7623 | D:7      | Killed a kobold demonologist
  7624 | D:7      | Reached skill level 9 in Necromancy
  7624 | D:7      | Reached XP level 9. HP: 68/68 MP: 7/18
  7640 | D:8      | Found an ancient bone altar of Kikubaaqudgha.
  7641 | D:8      | Noticed Maurice
  7665 | D:8      | Hit by a boomerang thrown by something

Illustrated notes

Levels and vault maps discovered:
D:1:      lightli_arrival_windingriver, layout_basic,
          dreamdust_ecumenical_altar_drowned_temple, minmay_crystal_water
D:2:      layout_basic, serial_bayou_pond_b
D:3:      layout_basic
D:4:      layout_loops_ring, mainiacjoe_overflow_concentric_impassable,
          serial_rivers, chequers_serial_rivers_micro_e,
          chequers_serial_rivers_room_b, chequers_serial_rivers_small_a,
          chequers_serial_rivers_marsh, chequers_serial_rivers_marsh,
          chequers_serial_rivers_small_b
D:5:      layout_cave_pools, sigmund_army
D:6:      layout_basic, grunt_temple_overflow_order_and_chaos_1, uniq_maggie
D:7:      minmay_cornered_nines, layout_rooms, nicolae_vehumet_altar_sigil,
          minmay_temple_entry_offerings, eino_tiny_chamber,
          grunt_decor_mini_mirrors
D:8:      layout_layer_cave, mainiacjoe_overflow_catwalk,
          kennysheep_slug_shrine, fedhas_altar_decomposition,
          minmay_misc_feat_plants, minmay_manual_mares, uniq_erica, uniq_maurice
Temple:   hellmonk_temple_of_storms

Skill      XL: |  1  2  3  4  5  6  7  8 |
---------------+-------------------------+-----
Fighting       | 1 2 3 4 5 |  5.7
Spellcasting   | 3 5 6 |  6.0
Dodging        | 2 3 |  3.8
Stealth        | 2 |  2.0
Necromancy     | 5 6 7 9 |  9.0
Translocations | 2 |  2.0
Hexes          | |  0.7

Action                   |  1- 3 |  4- 6 |  7- 9 || total
-------------------------+-------+-------+-------++-------
Melee: Unarmed           |     1 |       |       ||     1
       Short sword       |     8 |   122 |    76 ||   206
Throw: Dart              |       |     7 |    24 ||    31
       Boomerang         |       |     1 |     3 ||     4
 Cast: Necrotise         |    66 |    28 |    10 ||   104
       Vampiric Draining |       |    16 |    51 ||    67
       Animate Dead      |       |       |     2 ||     2
       Blink             |       |       |     2 ||     2
       Anguish           |       |       |     1 ||     1
  Use: Scroll            |     5 |     7 |     4 ||    16
 Stab: Sleeping          |     1 |     5 |       ||     6
Armor: Robe              |     2 |    49 |    52 ||   103
Dodge: Dodged            |    11 |   110 |    99 ||   220

Table legend: (Time is in decaauts)
 A = Elapsed time spent in this place.
 B = Non-inter-level travel time spent in this place.
 C = Inter-level travel time spent in this place.
 D = Time resting spent in this place.
 E = Time spent auto-exploring this place.
 F = Levels seen in this place.
 G = Mean time per level.
                   A        B        C        D        E       F      G
               +--------+--------+--------+--------+--------+-----+--------+
         Total |   7709 |   7483 |    226 |    973 |   5444 |   9 |  856.6 |
       Dungeon |   7668 |   7448 |    220 |    973 |   5420 |   8 |  958.5 |
        Temple |     40 |     34 |      6 |      0 |     24 |   1 |   40.0 |
               +--------+--------+--------+--------+--------+-----+--------+

Top non-repeatable levels by time:
     D:1: 1647 daAuts
     D:4: 1229 daAuts
     D:5: 1191 daAuts
     D:3: 1144 daAuts
     D:2: 964 daAuts
     D:6: 765 daAuts
     D:7: 697 daAuts
  Temple: 40 daAuts
     D:8: 28 daAuts
